 Dungeon Crawl Stone Soup version 0.29.1-1-gd02db6906a (webtiles) character file.

Game seed: 11602044063008261026

347 Hadkhar the Digger (level 6, -2/32 HPs)
             Began as a Gargoyle Earth Elementalist on Oct 16, 2022.
             Slain by a wight
             ... wielding a +2 mace
              (11 damage)
             ... on level 4 of the Dungeon.
             The game lasted 00:21:01 (3924 turns).

Hadkhar the Digger (Gargoyle Earth Elementalist)    Turns: 3924, Time: 00:21:02

Health: -2/32      AC:  9    Str: 11    XL:     6   Next: 59%
Magic:  10/11      EV: 11    Int: 18    God:
Gold:   188        SH:  0    Dex: 10    Spells: 8/12 levels left

rFire   . . .      SeeInvis .   r - +0 long sword
rCold   . . .      Faith    .   (no shield)
rNeg    + . .      Spirit   .   j - +0 leather armour
rPois   ∞          Reflect  .   (no helmet)
rElec   +          Harm     .   e - +1 cloak
rCorr   .          Rampage  .   (no gloves)
Will    .....                   (no boots)
Stlth   ++........              (no amulet)
HPRegen 0.10/turn               (no ring)
MPRegen 0.12/turn               (no ring)

@: no status effects
A: sickness immunity, AC +4, negative energy resistance 1, electricity
resistance, torment resistance 1, petrification resistance
a: no special abilities


You were on level 4 of the Dungeon.
You visited 1 branch of the dungeon, and saw 4 of its levels.

You collected 188 gold pieces.

Inventory:

Hand Weapons
 r - a +0 long sword (weapon)
Armour
 a - a +0 robe
 e - a +1 cloak (worn)
 j - a +0 leather armour (worn)
Jewellery
 v - an amulet of faith
Wands
 w - a wand of flame (5)
Scrolls
 c - a scroll of noise {unknown}
 d - 5 scrolls of identify {unknown}
 f - a scroll of butterflies {unknown}
 h - a scroll of amnesia {unknown}
 l - a scroll of summoning {unknown}
 p - a scroll of enchant armour {unknown}
 s - a scroll of magic mapping {unknown}
 t - 2 scrolls of teleportation {unknown}
 x - a scroll of brand weapon {unknown}
Potions
 b - a potion of magic
 g - a potion of lignification {unknown}
 i - 3 potions of heal wounds {unknown}
 k - a potion of degeneration {unknown}
 m - a potion of ambrosia {unknown}
 n - a potion of curing {unknown}
 o - 2 potions of brilliance {unknown}
 q - 2 potions of might {unknown}
 u - 3 potions of mutation {unknown}


   Skills:
 - Level 1.5 Dodging
 + Level 4.6 Stealth
 + Level 3.5 Spellcasting
 + Level 2.4 Conjurations
 - Level 0.7 Transmutations
 + Level 5.5 Earth Magic


You had 8 spell levels left.
You knew the following spells:

 Your Spells              Type           Power      Damage    Failure   Level
a - Sandblast             Erth           46%        2d11      1%          1
b - Stone Arrow           Conj/Erth      34%        3d9       12%         3

Your spell library contained the following spells:

 Spells                   Type           Power      Damage    Failure   Level
 Passwall                 Tmut/Erth      11%        N/A       9%          2
 Slow                     Hex            12%        N/A       21%         1
 Wereblood                Tmut           5%         N/A       22%         2
 Petrify                  Tmut/Erth      14%        N/A       50%         4
 Lee's Rapid Deconstruct  Erth           11%        3d9*      50%         5
 Confusing Touch          Hex            3%         N/A       52%         3
 Vampiric Draining        Necr           3%         2d6       52%         3
 Fulminant Prism          Conj/Hex       3%         3d6       77%         4
 Iskenderun's Mystic Bla  Conj/Tloc      7%         2d4       77%         4
 Summon Hydra             Summ           1%         N/A       100%        7
 Sublimation of Blood     Necr           Unusable   N/A       N/A         2

Dungeon Overview and Level Annotations

Branches:
Dungeon (4/15)             Temple (0/1) D:4

Altars:
Ashenzari
Hepliaklqana


Innate Abilities, Weirdness & Mutations

You are immune to sickness and miasma.
Your stone body is resilient. (AC +4)
You are immune to poison.
You resist negative energy. (rN+)
You are resistant to electric shocks. (rElec)
You are resistant to unholy torment.
You are immune to petrification.


Message History

You now have 188 gold pieces (gained 12).
Found a staircase to the Ecumenical Temple. 3 wights come into view.
Found a long sword.
Found a stone staircase leading down.
You see here a +0 giant club.
Casting: Sandblast (safe; 1% risk of failure)
Confirm with . or Enter, or press ? or * to list all spells.
Aiming: Sandblast (safe; 1% risk of failure)
Press: ? - help, Shift-Dir - straight line, f - wight
Aim: a wight, wielding a +4 halberd and wearing a +0 robe (83% to hit)
The blast of sand misses the wight.
The blast of sand hits the wight.
The wight is lightly damaged.
Press: ? - help, v - describe, . - travel, g - get item
Here: a wight, wielding a +2 mace and wearing a +0 robe (lightly damaged) Item here: a +0 giant club.
The floor.
There are monsters nearby!
Aiming: Sandblast (safe; 1% risk of failure)
Press: ? - help, Q - select action, (/) - cycle Shift-Dir - straight line, f/p - wight
Aim: a wight, wielding a +2 mace and wearing a +0 robe (lightly damaged, 83% to hit)
The blast of sand hits the wight.
The wight is moderately damaged.
Aiming: Sandblast (safe; 1% risk of failure)
Press: ? - help, Q - select action, (/) - cycle Shift-Dir - straight line, f/p - wight
Aim: a wight, wielding a +2 mace and wearing a +0 robe (moderately damaged, 83% to hit)
The blast of sand misses the wight.
The wight hits you with a +2 mace! The wight barely misses you.
The wight hits the plant with a +3 spear!
The plant begins to die.
A nearby plant withers and dies.
The wight attacks as you move away! The wight hits you with a +2 mace.
The wight attacks as you move away! The wight hits you with a +2 mace.
You barely miss the wight.
The wight is moderately damaged.
The wight hits you with a +2 mace.
* * * LOW HITPOINT WARNING * * *
The wight attacks as you move away! The wight closely misses you.
The wight attacks as you move away! The wight hits you with a +2 mace!
You die...

.. ## ..# .########
#... ........####
#.... ...........#
#...
...........######..#
........##...÷.#..#
.....#########...#
..#### ###@## ...#
### #z.##...#
##.##.≈.# #z##.≈.#
##.#.§§# #.#§≈§#
#z#§§§# ##....#
#.._.#


You could see 3 wights.

Vanquished Creatures
  An ogre (D:4)
  A scorpion (D:4)
  A hound (D:4)
  9 adders
  3 worms
  3 orcs
  8 bats
  6 endoplasms
  2 giant cockroaches (D:1)
  8 goblins
  7 hobgoblins
  7 jackals
  4 quokkas
  6 ball pythons
  3 frilled lizards
  8 kobolds
  8 rats
85 creatures vanquished.

Vanquished Creatures (others)
  A plant (D:4)
1 creature vanquished.

Grand Total: 86 creatures vanquished

Notes
Turn   | Place    | Note
-------+----------+-------------------------------------------
     0 | D:1      | Hadkhar the Gargoyle Earth Elementalist began the quest for
                  | the Orb.
     0 | D:1      | Reached XP level 1. HP: 10/10 MP: 3/3
   148 | D:1      | Reached XP level 2. HP: 14/15 MP: 1/5
   370 | D:1      | Reached skill level 4 in Earth Magic
   681 | D:1      | Reached XP level 3. HP: 13/19 MP: 4/6
  1233 | D:2      | Reached XP level 4. HP: 24/24 MP: 7/7
  2055 | D:2      | Found a hazy altar of Hepliaklqana.
  2610 | D:3      | Found a faded altar of an unknown god.
  2691 | D:3      | Reached skill level 1 in Conjurations
  2696 | D:3      | Reached XP level 5. HP: 23/28 MP: 3/9
  3248 | D:3      | Reached skill level 5 in Earth Magic
  3594 | D:4      | Learned a level 3 spell: Stone Arrow
  3719 | D:4      | Found a broken altar of Ashenzari.
  3745 | D:4      | Reached XP level 6. HP: 28/32 MP: 5/10
  3872 | D:4      | Found a staircase to the Ecumenical Temple.
  3924 | D:4      | Slain by a wight

Illustrated notes

Levels and vault maps discovered:
D:1:      minmay_arrival_checkered_box, layout_basic
D:2:      layout_basic, basic_altar
D:3:      minmay_chambers_of_threes, layout_basic,
          chequers_ecumenical_altar_island, minmay_increasing_density
D:4:      layout_cave_pods, mainiacjoe_overflow_boulevard,
          grunt_temple_overflow_open, temple_doors_e

Skill      XL: |  1  2  3  4  5 |
---------------+----------------+-----
Earth Magic    | 4 5 |  5.5
Stealth        | 3 4 |  4.6
Conjurations   | 1 2 |  2.4
Spellcasting   | 3 |  3.5
Dodging        | |  1.5
Transmutations | |  0.7

Action                   |  1- 3 |  4- 6 || total
-------------------------+-------+-------++-------
Melee: Whip              |    45 |       ||    45
       Long sword        |     2 |   128 ||   130
       Punch             |       |     3 ||     3
 Cast: Sandblast         |    28 |    49 ||    77
 Stab: Sleeping          |     1 |     2 ||     3
Armor: Robe              |    16 |       ||    16
       Leather armour    |     9 |   137 ||   146
Dodge: Dodged            |    42 |   151 ||   193
